 Dungeon Crawl Stone Soup version 0.24-a0-439-g6dd8730de2 (webtiles) character file.

Game seed: 9615496451923775904

54 emperorscorpion the Chopper (level 4, -1/52 HPs)
             Began as a Human Berserker on June 18, 2019.
             Was a Follower of Trog.
             Slain by an iguana (8 damage)
             ... on level 4 of the Dungeon.
             The game lasted 00:01:32 (275 turns).

emperorscorpion the Chopper (Human Berserker)        Turns: 275, Time: 00:01:33

Health: -1/52      AC:  2    Str: 23    XL:     4   Next: 12%
Magic:  4/4        EV: 12    Int:  7    God:    Trog [*.....]
Gold:   36         SH:  0    Dex: 13    Spells: 3/3 levels left

rFire    . . .     SeeInvis .   a - +0 hand axe
rCold    . . .     Gourm    .   (no shield)
rNeg     . . .     Faith    .   b - +0 animal skin
rPois    .         Spirit   .   (no helmet)
rElec    .         Reflect  .   (no cloak)
rCorr    .         Harm     .   (no gloves)
MR       .....                  (no boots)
Stlth    ..........             (no amulet)
HPRegen  0.17/turn              (no ring)
MPRegen  0.09/turn              (no ring)

@: berserking (expiring), very quick
A: no striking features
a: Berserk, Renounce Religion


You were on level 4 of the Dungeon.
You worshipped Trog.
Trog was aware of your devotion.
You were not hungry.

You visited 1 branch of the dungeon, and saw 4 of its levels.

You collected 36 gold pieces.

Inventory:

Hand Weapons
 a - a +0 hand axe (weapon)
 d - a cursed -3 trident
Armour
 b - a +0 animal skin (worn)
Potions
 e - a potion of brilliance {unknown}
Comestibles
 c - 3 rations
 f - a chunk of flesh


   Skills:
 + Level 3.5 Fighting
 + Level 3.8 Axes
 + Level 2.2 Armour
 + Level 2.3 Dodging


You had 3 spell levels left.
You didn't know any spells.
Your spell library was empty.

Dungeon Overview and Level Annotations

Branches:
Dungeon (4/15)
 Temple: D:4-7

Altars:


Message History

The hound is almost dead.
You hit the worm. The hound bites you.
You closely miss the hound.
The hound is almost dead.
You hit the iguana. You hit the worm. The hound misses you.
The iguana misses you.
You hit the hound.
You kill the hound!
Trog accepts your kill.
You have reached level 4!
You feel agile.
You hit the iguana. You hit the worm. The worm bites you!
You barely miss the worm.
The worm is severely wounded.
You hit the iguana. The iguana bites you!
* * * LOW HITPOINT WARNING * * *
You slash the worm!
You kill the worm!
Trog accepts your kill.
You barely miss the iguana. The iguana bites you!
You die...

#.!.. #...#
#.(..####.(.#
#.%......(..#
#[.###<###(.#
#####.###
#.....#
#(....#
#†(...#
#@%...#
#.....l%.(..#
#[[##########


You could see an iguana.

Vanquished Creatures
  A hound (D:4)
  An ooze (D:3)
  2 worms
  A dart slug (D:2)
  A leopard gecko (D:2)
  An orc (D:2)
  A giant cockroach (D:3)
  A quokka (D:4)
  3 bats
  A frilled lizard (D:3)
  A kobold (D:3)
14 creatures vanquished.

Notes
Turn   | Place    | Note
-------+----------+-------------------------------------------
     0 | D:1      | emperorscorpion the Human Berserker began the quest for the
                  | Orb.
     0 | D:1      | Reached XP level 1. HP: 18/18 MP: 1/1
   192 | D:2      | Reached XP level 2. HP: 23/24 MP: 2/2
   215 | D:3      | Reached XP level 3. HP: 29/29 MP: 3/3
   273 | D:4      | Reached XP level 4. HP: 29/35 MP: 4/4
   275 | D:4      | Slain by an iguana

Levels and vault maps discovered:
D:1:      minmay_arrival_jagged, layout_basic
D:2:      layout_loops_corners, lemuel_doored_altar, lemuel_statue_altar,
          uniq_robin, uniq_sigmund, uniq_crazy_yiuf_cottage
D:3:      layout_basic, makhleb_blood_cavern_becter, first_ration,
          xom_redecorated
D:4:      layout_basic, old_standard_altar, portal_sewer_entry_b, bh_chokoban

Action                   |  1- 3 |  4- 6 || total
-------------------------+-------+-------++-------
Melee: Hand axe          |    27 |     2 ||    29
Invok: Berserk           |     3 |       ||     3
Armor: Animal skin       |     6 |       ||     6
Dodge: Dodged            |    31 |       ||    31

Table legend:
 A = Non-vault XP
 B = Vault XP
 C = Vault XP percentage of total XP
 D = Non-vault monster count
 E = Vault monster count
 F = Vault count percentage of total count
                 A         B        C        D         E       F
            +---------+---------+-------+---------+---------+-------
      Total |      78 |       0 |   0.0 |      14 |       0 |   0.0
            +---------+---------+-------+---------+---------+-------
        D:2 |      11 |       0 |   0.0 |       4 |       0 |   0.0
        D:3 |      19 |       0 |   0.0 |       7 |       0 |   0.0
        D:4 |      48 |       0 |   0.0 |       3 |       0 |   0.0
            +---------+---------+-------+---------+---------+-------
